AoeStats
← Lord_Wilfredo

Hideout

509548215Analyzed
1v1 RM · 5d ago on Sep 27, 2026· 50m 20s· 2 players
Game mode
Random Map
Map size
Tiny (2 player)
Population
200
Speed
Normal
Resources
Standard
Victory
Conquest
Starting age
Dark Age
Ending age
Imperial Age
RankedLock teamsTeams togetherTeam positionsShared explorationLock speedFull tech treeHidden civsTurbo modeCheats
Victory
Defeat
🇦🇷 Huns · Argentina
1344
+15
🇦🇷 Huns · Argentina
1312
-15
Lord_Wilfredo
10:04 Feudal Age
10:53 Double-Bit Axe
11:01 Loom
15:28 Castle Age
14:16 Fletching
15:10 Padded Archer Armor
15:33 Crossbowman
17:58 Bodkin Arrow
21:38 Bow Saw
22:05 Town Watch
24:59 Scale Barding Armor
25:26 Forging
28:32 Bloodlines
29:38 Chain Barding Armor
31:14 Wheelbarrow
32:59 Husbandry
33:14 Horse Collar
37:55 Imperial Age
36:01 Hand Cart
35:47 Gold Mining
36:32 Thumb Ring
37:26 Gold Shaft Mining
38:39 Iron Casting
37:59 Cavalier
39:08 Parthian Tactics
39:41 Plate Barding Armor
38:38 Elite Skirmisher
40:50 Two-Man Saw
40:14 Capped Ram
41:19 Leather Archer Armor
41:18 Bracer
41:41 Ballistics
43:38 Blast Furnace
42:52 Paladin
45:03 Chemistry
45:07 Conscription
45:17 Town Patrol
45:38 Siege Ram
46:38 Scale Mail Armor
46:48 Marauders
46:35 Heavy Cavalry Archer
48:08 Pikeman
48:48 Squires
49:09 Heavy Plow
48:59 Arson
48:38 Halberdier
50:12 Chain Mail Armor
Funebrero
10:42 Feudal Age
15:01 Castle Age
13:15 Double-Bit Axe
13:48 Horse Collar
17:30 Loom
17:31 Town Watch
21:01 Fletching
21:23 Elite Skirmisher
35:01 Imperial Age
34:07 Wheelbarrow
34:51 Bloodlines
35:32 Scale Barding Armor
36:08 Forging
36:23 Husbandry
36:37 Cavalier
38:01 Town Patrol
39:10 Chain Barding Armor
39:27 Iron Casting
38:59 Gold Mining
39:18 Paladin
40:40 Plate Barding Armor
40:53 Bow Saw
40:49 Heavy Plow
40:28 Pikeman
42:53 Blast Furnace
43:10 Hand Cart
43:15 Scale Mail Armor
43:03 Light Cavalry
44:10 Hussar
45:31 Chain Mail Armor
46:20 Conscription
50:34 Bodkin Arrow
Connection lost

Rejoining the realm…

Still unreachable

The connection could not be restored.

Session expired

The server has moved on; the page needs a fresh start.